RedWings vs Blues

Created - October-26-14 at 11:38

Goals
1 2 3 T
RedWings 1 2 0 3
Blues 0 0 1 1
Shots
1 2 3 T
RedWings 8 2 12 22
Blues 4 9 22 35

1st period

1. RedWings , Ondrej Palat 4 (Loui Eriksson, Jake Gardiner) at 3:07

Penalties :
Ondrej Palat (DET) for Tripping (Minor) at 0:56, Jeff Petry (STL) for Hooking (Minor) at 14:49

2nd period

2. RedWings , Sean Bergenheim 2 (Andrew Cogliano, Mark Fraser) at 6:44
3. RedWings , Tyler Toffoli 2 (Mark Fraser) at 13:51

Penalties :
Chris Summers (DET) for Roughing (Minor) at 1:16, Carl Gunnarsson (STL) for Hooking (Minor) at 4:26, Sean Bergenheim (DET) for Tripping (Minor) at 8:43

3rd period

4. Blues , Mike Fisher 3 (Bryan Little, Dan Hamhuis) at 1:50

Penalties :
Bryan Little (STL) for Tripping (Minor) at 2:47, Antoine Vermette (STL) for Hooking (Minor) at 5:16, Ondrej Palat (DET) for Tripping (Minor) at 7:00, Alexandre Burrows (DET) for Roughing (Minor) at 9:03, Kevin Klein (STL) for Diving (Minor) at 17:38, Eric Gryba (DET) for Interference (Minor) at 18:07

Goalie Stats

Roberto Luongo (DET), 34 saves from 35 shots - (0.971), W, 2-2-2, 60:00 minutes
Sergei Bobrovsky (STL), 19 saves from 22 shots - (0.864), L, 4-4-1, 60:00 minutes

Players Stats for RedWings

Player Name              G  A  P  +/- PIM S  H  SB GA TA FO     MP     PP MP  PK MP  
------------------------------------------------------------------------------------
Alexandre Burrows        0  0  0   1  2   1  4  0  0  0  3/7    19:15   3:33   2:24 
Andrew Cogliano          0  1  1   1  0   0  0  0  0  0  3/11   21:11   3:33   5:30 
Chris Summers            0  0  0   0  2   1  2  2  0  0  0/0    22:01   3:44   3:32 
Eric Brewer              0  0  0  -1  0   2  5  4  0  0  0/0    24:08   4:18   4:57 
Eric Gryba               0  0  0   0  2   2  3  3  0  0  0/0    21:32   4:17   4:36 
Hal Gill                 0  0  0   0  0   0  0  0  0  0  0/0     0:00   0:00   0:00 
Jake Gardiner            0  1  1  -1  0   2  1  1  0  0  0/0    24:29   3:52   4:55 
Kevin Connauton          0  0  0   3  0   0  0  2  0  0  0/0    14:22   0:00   2:04 
Loui Eriksson            0  1  1   0  0   1  0  0  0  0  0/2    19:10   4:37   1:01 
Mark Arcobello           0  0  0   1  0   1  0  0  0  0  5/10   13:57   0:00   0:38 
Mark Fraser              0  2  2   3  0   0  3  1  0  0  0/0    13:26   0:08   0:00 
Ondrej Palat             1  0  1   0  4   2  7  0  0  0  3/9    24:49   4:36   3:45 
Paul Martin              0  0  0   0  0   0  0  0  0  0  0/0     0:00   0:00   0:00 
Sam Gagner               0  0  0   1  0   2  0  0  0  0  13/20  19:52   3:03   3:22 
Sean Bergenheim          1  0  1   1  2   3  6  0  0  0  1/1    13:44   3:33   0:00 
Tuomo Ruutu              0  0  0   0  0   0  0  0  0  0  0/1     7:20   0:27   3:24 
Tyler Toffoli            1  0  1   1  0   3  1  0  0  0  0/3    15:19   1:07   0:00 
Ville Leino              0  0  0   0  0   2  0  0  0  0  8/22   13:32   0:00   0:00 

Players Stats for Blues

Player Name              G  A  P  +/- PIM S  H  SB GA TA FO     MP     PP MP  PK MP  
------------------------------------------------------------------------------------
Alex Tanguay             0  0  0  -1  0   1  0  0  0  0  0/1    16:35   5:28   0:00 
Antoine Vermette         0  0  0  -1  2   3  1  0  0  0  15/26  21:20   5:27   3:24 
Bryan Little             0  1  1   1  2   4  2  0  0  0  1/1    18:55   4:50   0:00 
Carl Gunnarsson          0  0  0  -1  2   2  1  0  0  0  0/0    21:37   4:35   3:23 
Dan Hamhuis              0  1  1   0  0   4  0  1  0  0  0/0    25:02   5:27   4:32 
David Jones              0  0  0  -1  0   0  1  0  0  0  0/0     5:34   0:00   0:00 
Jeff Petry               0  0  0   0  2   1  2  0  0  0  0/0    19:30   0:17   3:22 
Jiri Hudler              0  0  0   1  0   0  0  0  0  0  1/1    19:34   4:34   0:54 
Jussi Jokinen            0  0  0  -1  0   5  1  0  0  0  6/14   21:05   4:28   3:52 
Kevin Klein              0  0  0  -1  2   1  0  0  0  0  0/0    13:04   0:00   0:00 
Kyle Palmieri            0  0  0  -1  0   0  0  0  0  0  0/0     6:18   0:44   0:00 
Lee Stempniak            0  0  0  -1  0   0  0  0  0  0  2/6     5:41   0:00   0:00 
Matt Irwin               0  0  0  -1  0   2  0  1  0  0  0/0    19:13   5:27   1:30 
Michael Frolik           0  0  0  -1  0   3  0  0  0  0  0/1     9:31   0:00   0:00 
Mike Fisher              1  0  1   1  0   6  4  1  0  0  22/28  23:06   4:35   4:18 
Mike Ribeiro             0  0  0  -1  0   2  0  0  0  0  3/7    13:08   0:00   3:52 
Mike Weaver              0  0  0  -1  0   1  2  0  0  0  0/0    21:31   4:18   3:33 
R.J. Umberger            0  0  0  -1  0   0  0  1  0  0  0/1     9:16   0:00   0:00 

3 Stars

1 - Mark Fraser (DET)
2 - Roberto Luongo (DET)
3 - Mike Fisher (STL)

Power Play

RedWings - 0 on 5 Attempt(s) - 0.00%
Blues - 0 on 6 Attempt(s) - 0.00%

Penalty Kill

RedWings - 6 on 6 Attempt(s) - 100.00% - Score 0 goal in Penalty Kill
Blues - 5 on 5 Attempt(s) - 100.00% - Score 0 goal in Penalty Kill

Official

Referees : Jean Hebert and Dave Jackson
Linesman : Steve Miller and Bryan Pancich

Game Notes

Tyler Toffoli is injured at 18:45 of 3rd period (Sore Left Knee)

Finance

Level 1 -- Attendance: 5883 (90.51%) -- Ticket Income $588,300
Level 2 -- Attendance: 5000 (100.00%) -- Ticket Income $375,000
Level 3 -- Attendance: 3131 (89.46%) -- Ticket Income $125,240
Level 4 -- Attendance: 3022 (100.00%) -- Ticket Income $60,440
Luxury Box -- Attendance: 963 (96.30%) -- Ticket Income $182,970
Game was played at the Scottrade Center
Total Attendance: 17999 (94.62%)
Total Ticket Income: $1,331,950
Other Income: $199,792
Total Income: $1,531,742

% Time on Ice - RedWings

Lines # - Real PCT - Wanted PCT - Time Play
Normal Forward
1 - 34% - 45% - 13:32
2 - 25% - 35% - 10:12
3 - 33% - 15% - 13:19
4 - 7% - 5% - 3:00
Normal Defense
1 - 35% - 40% - 14:06
2 - 32% - 30% - 12:39
3 - 25% - 20% - 9:54
4 - 8% - 10% - 3:24
PP Forward
1 - 57% - 60% - 4:37
2 - 43% - 40% - 3:33
PP Defense
1 - 47% - 60% - 3:52
2 - 53% - 40% - 4:18
PK Forward
1 - 66% - 60% - 6:40
2 - 34% - 40% - 3:22
PK Defense
1 - 51% - 60% - 5:07
2 - 49% - 40% - 4:55
PK3 Forward
1 - 0% - 60%
2 - 0% - 40%
PK3 Defense
1 - 0% - 60%
2 - 0% - 40%
44 Forward
1 - 100% - 60% - 1:45
2 - 0% - 40% - 0:00
44 Defense
1 - 45% - 60% - 0:47
2 - 55% - 40% - 0:58
Last Minute Offensive  - 0:00
Last Minute Defensive  - 0:00
Total
Forward - 60:00
Defense - 60:00

% Time on Ice - Blues

Lines # - Real PCT - Wanted PCT - Time Play
Normal Forward
1 - 35% - 40% - 14:06
2 - 28% - 31% - 11:07
3 - 23% - 19% - 9:16
4 - 14% - 10% - 5:34
Normal Defense
1 - 37% - 35% - 14:52
2 - 32% - 33% - 12:55
3 - 31% - 32% - 12:16
4 - 0% - 0% - 0:00
PP Forward
1 - 54% - 64% - 5:28
2 - 46% - 36% - 4:34
PP Defense
1 - 54% - 60% - 5:27
2 - 46% - 40% - 4:35
PK Forward
1 - 53% - 50% - 4:18
2 - 47% - 50% - 3:52
PK Defense
1 - 57% - 60% - 4:37
2 - 43% - 40% - 3:33
PK3 Forward
1 - 0% - 55%
2 - 0% - 45%
PK3 Defense
1 - 0% - 60%
2 - 0% - 40%
44 Forward
1 - 93% - 58% - 1:38
2 - 7% - 42% - 0:07
44 Defense
1 - 57% - 60% - 1:00
2 - 43% - 40% - 0:45
Last Minute Offensive  - 0:00
Last Minute Defensive  - 0:00
Total
Forward - 60:00
Defense - 60:00

Play by Play

1st period


0:01 of 1st period - Mike Fisher wins face-off versus Ville Leino in neutral zone.
0:05 of 1st period - Off-side.
0:06 of 1st period - Sam Gagner wins face-off versus Antoine Vermette in neutral zone.
0:08 of 1st period - Andrew Cogliano is hit by Antoine Vermette and loses puck.
0:29 of 1st period - Shot by Alex Tanguay.
0:29 of 1st period - Shot Blocked by Eric Gryba.
0:56 of 1st period - Minor Penalty to Ondrej Palat for Tripping.
0:57 of 1st period - Andrew Cogliano wins face-off versus Jussi Jokinen in RedWings zone.
0:57 of 1st period - Eric Gryba is hit by Mike Fisher and loses puck.
1:27 of 1st period - Icing by Dan Hamhuis.
1:28 of 1st period - Sam Gagner wins face-off versus Mike Fisher in Blues zone.
2:03 of 1st period - Alexandre Burrows is hit by Bryan Little and loses puck.
2:27 of 1st period - Icing by Mike Weaver.
2:28 of 1st period - Antoine Vermette wins face-off versus Andrew Cogliano in Blues zone.
2:37 of 1st period - Shot by Mike Weaver.
2:37 of 1st period - Shot Blocked by Chris Summers.
3:03 of 1st period - Shot by Loui Eriksson.
3:03 of 1st period - Stopped by Sergei Bobrovsky with a rebound.
3:05 of 1st period - Shot by Ondrej Palat.
3:05 of 1st period - Shot Misses the Net.
3:07 of 1st period - Shot by Ondrej Palat.
3:07 of 1st period - Goal by Ondrej Palat - RedWings : 1 - Blues : 0.
3:08 of 1st period - Lee Stempniak wins face-off versus Mark Arcobello in neutral zone.
3:21 of 1st period - Shot by Kyle Palmieri.
3:21 of 1st period - Shot Misses the Net.
4:09 of 1st period - Shot by Mike Fisher.
4:09 of 1st period - Shot Misses the Net.
4:41 of 1st period - Shot by Dan Hamhuis.
4:41 of 1st period - Shot Blocked by Jake Gardiner.
4:43 of 1st period - Shot by Mike Fisher.
4:43 of 1st period - Shot Blocked by Eric Brewer.
5:16 of 1st period - Shot by Michael Frolik.
5:16 of 1st period - Shot Misses the Net.
5:19 of 1st period - Icing by Mark Fraser.
5:20 of 1st period - Ville Leino wins face-off versus Antoine Vermette in RedWings zone.
6:12 of 1st period - Jeff Petry is hit by Sean Bergenheim and loses puck.
6:39 of 1st period - Shot by Jiri Hudler.
6:39 of 1st period - Deflect By Bryan Little.
6:39 of 1st period - Stopped by Roberto Luongo without a rebound.
6:40 of 1st period - Mike Ribeiro wins face-off versus Ville Leino in RedWings zone.
7:35 of 1st period - Jeff Petry is hit by Sean Bergenheim.
7:44 of 1st period - Mike Fisher is hit by Sean Bergenheim and loses puck.
8:47 of 1st period - Shot by Ondrej Palat.
8:47 of 1st period - Shot Misses the Net.
9:17 of 1st period - Shot by Ville Leino.
9:17 of 1st period - Stopped by Sergei Bobrovsky without a rebound.
9:18 of 1st period - Mark Arcobello wins face-off versus Antoine Vermette in Blues zone.
10:31 of 1st period - R.J. Umberger is hit by Chris Summers.
10:36 of 1st period - Mike Ribeiro is hit by Eric Gryba and loses puck.
13:23 of 1st period - Shot by Lee Stempniak.
13:23 of 1st period - Deflect By David Jones.
13:23 of 1st period - Shot Misses the Net.
13:59 of 1st period - Michael Frolik is hit by Eric Brewer and loses puck.
14:07 of 1st period - Michael Frolik is hit by Eric Brewer and loses puck.
14:26 of 1st period - Alex Tanguay is hit by Jake Gardiner and loses puck.
14:33 of 1st period - Shot by Alex Tanguay.
14:33 of 1st period - Deflect By Jussi Jokinen.
14:33 of 1st period - Shot Misses the Net.
14:35 of 1st period - Shot by Jussi Jokinen.
14:35 of 1st period - Stopped by Roberto Luongo without a rebound.
14:36 of 1st period - Ville Leino wins face-off versus Mike Fisher in RedWings zone.
14:36 of 1st period - Ville Leino is hit by Mike Fisher.
14:45 of 1st period - Ville Leino is hit by Jeff Petry and loses puck.
14:48 of 1st period - Shot by Ville Leino.
14:48 of 1st period - Shot Blocked by Mike Fisher.
14:49 of 1st period - Minor Penalty to Jeff Petry for Hooking.
14:50 of 1st period - Jussi Jokinen wins face-off versus Tuomo Ruutu in Blues zone.
14:50 of 1st period - Jussi Jokinen is hit by Ondrej Palat.
15:04 of 1st period - Shot by Ondrej Palat.
15:04 of 1st period - Shot Misses the Net.
15:06 of 1st period - Shot by Eric Gryba.
15:06 of 1st period - Shot Misses the Net.
15:16 of 1st period - Shot by Eric Gryba.
15:16 of 1st period - Stopped by Sergei Bobrovsky without a rebound.
15:17 of 1st period - Mike Ribeiro wins face-off versus Tyler Toffoli in Blues zone.
15:17 of 1st period - Mike Ribeiro is hit by Ondrej Palat.
16:14 of 1st period - Shot by Eric Gryba.
16:14 of 1st period - Stopped by Sergei Bobrovsky without a rebound.
16:15 of 1st period - Alexandre Burrows wins face-off versus Jussi Jokinen in Blues zone.
16:18 of 1st period - Shot by Eric Brewer.
16:18 of 1st period - Shot Misses the Net.
16:20 of 1st period - Shot by Alexandre Burrows.
16:20 of 1st period - Stopped by Sergei Bobrovsky without a rebound.
16:21 of 1st period - Mike Fisher wins face-off versus Alexandre Burrows in Blues zone.
17:01 of 1st period - Icing by Kevin Klein.
17:02 of 1st period - Mark Arcobello wins face-off versus Mike Ribeiro in Blues zone.
17:14 of 1st period - Mike Ribeiro is hit by Tyler Toffoli and loses puck.
17:25 of 1st period - Shot by Tyler Toffoli.
17:25 of 1st period - Stopped by Sergei Bobrovsky without a rebound.
17:26 of 1st period - Mike Fisher wins face-off versus Ville Leino in Blues zone.
17:26 of 1st period - Mike Fisher is hit by Mark Fraser.
17:49 of 1st period - Shot by Ville Leino.
17:49 of 1st period - Stopped by Sergei Bobrovsky without a rebound.
17:50 of 1st period - Antoine Vermette wins face-off versus Mark Arcobello in Blues zone.
18:23 of 1st period - Shot by Antoine Vermette.
18:23 of 1st period - Stopped by Roberto Luongo with a rebound.
18:34 of 1st period - Icing by Eric Gryba.
18:35 of 1st period - Mark Arcobello wins face-off versus Mike Fisher in RedWings zone.
18:37 of 1st period - Tyler Toffoli is hit by Mike Fisher and loses puck.
18:54 of 1st period - Shot by Mike Fisher.
18:54 of 1st period - Stopped by Roberto Luongo without a rebound.
18:55 of 1st period - Ville Leino wins face-off versus Lee Stempniak in RedWings zone.
19:04 of 1st period - Shot by Ondrej Palat.
19:04 of 1st period - Shot Blocked by Dan Hamhuis.
19:24 of 1st period - Shot by Lee Stempniak.
19:24 of 1st period - Shot Misses the Net.
19:49 of 1st period - Icing by Jeff Petry.
19:50 of 1st period - Lee Stempniak wins face-off versus Sam Gagner in Blues zone.
19:50 of 1st period - Jeff Petry is hit by Sean Bergenheim and loses puck.
Goals for this period are 1 for RedWings vs 0 for Blues.
Shots for this period are 8 for RedWings vs 4 for Blues.

2nd period


0:01 of 2nd period - Mike Fisher wins face-off versus Ville Leino in neutral zone.
1:16 of 2nd period - Minor Penalty to Chris Summers for Roughing.
1:17 of 2nd period - Antoine Vermette wins face-off versus Andrew Cogliano in RedWings zone.
1:20 of 2nd period - Shot by Matt Irwin.
1:20 of 2nd period - Shot Blocked by Eric Gryba.
2:35 of 2nd period - Shot by Matt Irwin.
2:35 of 2nd period - Stopped by Roberto Luongo with a rebound.
3:20 of 2nd period - Mike Ribeiro is hit by Alexandre Burrows.
4:10 of 2nd period - Carl Gunnarsson is hit by Alexandre Burrows and loses puck.
4:26 of 2nd period - Minor Penalty to Carl Gunnarsson for Hooking.
4:27 of 2nd period - Sam Gagner wins face-off versus Mike Fisher in Blues zone.
4:56 of 2nd period - Icing by Eric Gryba.
4:57 of 2nd period - Jussi Jokinen wins face-off versus Sam Gagner in RedWings zone.
5:20 of 2nd period - Shot by Alexandre Burrows.
5:20 of 2nd period - Shot Blocked by Matt Irwin.
5:31 of 2nd period - Icing by Chris Summers.
5:32 of 2nd period - Alexandre Burrows wins face-off versus Jussi Jokinen in RedWings zone.
5:32 of 2nd period - Alexandre Burrows is hit by Jussi Jokinen.
6:18 of 2nd period - Shot by Jussi Jokinen.
6:18 of 2nd period - Shot Misses the Net.
6:38 of 2nd period - Icing by Kevin Klein.
6:39 of 2nd period - Sam Gagner wins face-off versus Lee Stempniak in Blues zone.
6:42 of 2nd period - Shot by Andrew Cogliano.
6:42 of 2nd period - Shot Misses the Net.
6:44 of 2nd period - Shot by Andrew Cogliano.
6:44 of 2nd period - Deflect By Sean Bergenheim.
6:44 of 2nd period - Goal by Sean Bergenheim - RedWings : 2 - Blues : 0.
6:45 of 2nd period - Bryan Little wins face-off versus Ondrej Palat in neutral zone.
6:48 of 2nd period - Shot by Mike Fisher.
6:48 of 2nd period - Shot Blocked by Kevin Connauton.
6:51 of 2nd period - Icing by Mark Fraser.
6:52 of 2nd period - Mike Fisher wins face-off versus Ondrej Palat in RedWings zone.
6:58 of 2nd period - Icing by Mark Fraser.
6:59 of 2nd period - Ondrej Palat wins face-off versus Mike Fisher in RedWings zone.
7:05 of 2nd period - Sam Gagner is hit by Mike Fisher and loses puck.
7:29 of 2nd period - Shot by Kevin Klein.
7:29 of 2nd period - Stopped by Roberto Luongo without a rebound.
7:30 of 2nd period - Antoine Vermette wins face-off versus Mark Arcobello in RedWings zone.
8:03 of 2nd period - Shot by Jussi Jokinen.
8:03 of 2nd period - Shot Blocked by Eric Brewer.
8:09 of 2nd period - Shot by Antoine Vermette.
8:09 of 2nd period - Stopped by Roberto Luongo with a rebound.
8:43 of 2nd period - Minor Penalty to Sean Bergenheim for Tripping.
8:44 of 2nd period - Jussi Jokinen wins face-off versus Andrew Cogliano in RedWings zone.
8:47 of 2nd period - Shot by Mike Fisher.
8:47 of 2nd period - Shot Blocked by Eric Brewer.
9:06 of 2nd period - Off-side.
9:07 of 2nd period - Andrew Cogliano wins face-off versus Antoine Vermette in neutral zone.
9:25 of 2nd period - Shot by Bryan Little.
9:25 of 2nd period - Shot Misses the Net.
9:47 of 2nd period - Shot by Carl Gunnarsson.
9:47 of 2nd period - Stopped by Roberto Luongo without a rebound.
9:48 of 2nd period - Mike Fisher wins face-off versus Andrew Cogliano in RedWings zone.
10:32 of 2nd period - Shot by Jussi Jokinen.
10:32 of 2nd period - Stopped by Roberto Luongo without a rebound.
10:33 of 2nd period - Antoine Vermette wins face-off versus Sam Gagner in RedWings zone.
10:42 of 2nd period - Shot by Antoine Vermette.
10:42 of 2nd period - Deflect By Bryan Little.
10:42 of 2nd period - Shot Misses the Net.
10:44 of 2nd period - Shot by Dan Hamhuis.
10:44 of 2nd period - Shot Blocked by Kevin Connauton.
11:00 of 2nd period - Michael Frolik is hit by Mark Fraser.
11:26 of 2nd period - Icing by Dan Hamhuis.
11:27 of 2nd period - Ville Leino wins face-off versus R.J. Umberger in Blues zone.
12:29 of 2nd period - R.J. Umberger is hit by Sean Bergenheim and loses puck.
13:51 of 2nd period - Shot by Tyler Toffoli.
13:51 of 2nd period - Goal by Tyler Toffoli - RedWings : 3 - Blues : 0.
13:52 of 2nd period - Ville Leino wins face-off versus Lee Stempniak in neutral zone.
13:54 of 2nd period - Ondrej Palat is hit by Mike Weaver and loses puck.
14:09 of 2nd period - Eric Gryba is hit by David Jones and loses puck.
14:18 of 2nd period - Carl Gunnarsson is hit by Ondrej Palat and loses puck.
14:35 of 2nd period - Ondrej Palat is hit by Mike Weaver and loses puck.
15:11 of 2nd period - Shot by Alex Tanguay.
15:11 of 2nd period - Stopped by Roberto Luongo without a rebound.
15:12 of 2nd period - Mike Fisher wins face-off versus Ondrej Palat in RedWings zone.
15:43 of 2nd period - Shot by Mike Fisher.
15:43 of 2nd period - Shot Misses the Net.
15:45 of 2nd period - Shot by Bryan Little.
15:45 of 2nd period - Shot Misses the Net.
16:56 of 2nd period - Mike Ribeiro is hit by Alexandre Burrows and loses puck.
17:11 of 2nd period - Shot by R.J. Umberger.
17:11 of 2nd period - Shot Blocked by Eric Brewer.
18:01 of 2nd period - Shot by Bryan Little.
18:01 of 2nd period - Shot Misses the Net.
18:03 of 2nd period - Shot by Matt Irwin.
18:03 of 2nd period - Shot Misses the Net.
18:05 of 2nd period - Shot by Bryan Little.
18:05 of 2nd period - Stopped by Roberto Luongo without a rebound.
18:06 of 2nd period - Ondrej Palat wins face-off versus Antoine Vermette in RedWings zone.
18:41 of 2nd period - Shot by Antoine Vermette.
18:41 of 2nd period - Deflect By Jussi Jokinen.
18:41 of 2nd period - Stopped by Roberto Luongo without a rebound.
18:42 of 2nd period - Mike Fisher wins face-off versus Mark Arcobello in RedWings zone.
19:17 of 2nd period - Shot by Bryan Little.
19:17 of 2nd period - Shot Blocked by Chris Summers.
19:53 of 2nd period - Shot by Michael Frolik.
19:53 of 2nd period - Stopped by Roberto Luongo without a rebound.
19:54 of 2nd period - Antoine Vermette wins face-off versus Ville Leino in RedWings zone.
19:54 of 2nd period - Dan Hamhuis is hit by Eric Brewer.
Goals for this period are 2 for RedWings vs 0 for Blues.
Shots for this period are 2 for RedWings vs 9 for Blues.

3rd period


0:01 of 3rd period - Mike Fisher wins face-off versus Ville Leino in neutral zone.
0:11 of 3rd period - Icing by Jake Gardiner.
0:12 of 3rd period - Antoine Vermette wins face-off versus Ville Leino in RedWings zone.
0:13 of 3rd period - Shot by Matt Irwin.
0:13 of 3rd period - Shot Misses the Net.
0:40 of 3rd period - Off-side.
0:41 of 3rd period - Mike Fisher wins face-off versus Sam Gagner in neutral zone.
0:50 of 3rd period - Shot by Mike Fisher.
0:50 of 3rd period - Stopped by Roberto Luongo with a rebound.
0:52 of 3rd period - Shot by Jiri Hudler.
0:52 of 3rd period - Shot Misses the Net.
0:54 of 3rd period - Shot by Dan Hamhuis.
0:54 of 3rd period - Stopped by Roberto Luongo without a rebound.
0:55 of 3rd period - Mark Arcobello wins face-off versus Mike Ribeiro in RedWings zone.
0:59 of 3rd period - Off-side.
1:00 of 3rd period - Jiri Hudler wins face-off versus Ville Leino in neutral zone.
1:15 of 3rd period - Icing by Jake Gardiner.
1:16 of 3rd period - Antoine Vermette wins face-off versus Ville Leino in RedWings zone.
1:16 of 3rd period - Dan Hamhuis is hit by Eric Brewer and loses puck.
1:22 of 3rd period - Icing by Ondrej Palat.
1:23 of 3rd period - Mike Fisher wins face-off versus Ville Leino in RedWings zone.
1:50 of 3rd period - Shot by Mike Fisher.
1:50 of 3rd period - Goal by Mike Fisher - RedWings : 3 - Blues : 1.
1:51 of 3rd period - Sam Gagner wins face-off versus Antoine Vermette in neutral zone.
1:54 of 3rd period - Shot by Sean Bergenheim.
1:54 of 3rd period - Stopped by Sergei Bobrovsky without a rebound.
1:55 of 3rd period - Sam Gagner wins face-off versus Antoine Vermette in Blues zone.
2:02 of 3rd period - Shot by Sean Bergenheim.
2:02 of 3rd period - Stopped by Sergei Bobrovsky with a rebound.
2:04 of 3rd period - Shot by Sam Gagner.
2:04 of 3rd period - Stopped by Sergei Bobrovsky with a rebound.
2:47 of 3rd period - Minor Penalty to Bryan Little for Tripping.
2:48 of 3rd period - Sam Gagner wins face-off versus Jussi Jokinen in Blues zone.
2:55 of 3rd period - Shot by Jake Gardiner.
2:55 of 3rd period - Stopped by Sergei Bobrovsky without a rebound.
2:56 of 3rd period - Mike Fisher wins face-off versus Sam Gagner in Blues zone.
3:59 of 3rd period - Shot by Eric Brewer.
3:59 of 3rd period - Shot Misses the Net.
4:01 of 3rd period - Shot by Eric Brewer.
4:01 of 3rd period - Stopped by Sergei Bobrovsky without a rebound.
4:02 of 3rd period - Jussi Jokinen wins face-off versus Alexandre Burrows in Blues zone.
4:02 of 3rd period - Jussi Jokinen is hit by Alexandre Burrows.
4:14 of 3rd period - Shot by Eric Brewer.
4:14 of 3rd period - Stopped by Sergei Bobrovsky without a rebound.
4:15 of 3rd period - Mike Fisher wins face-off versus Tyler Toffoli in Blues zone.
4:21 of 3rd period - Icing by Eric Gryba.
4:22 of 3rd period - Mike Fisher wins face-off versus Tyler Toffoli in RedWings zone.
4:35 of 3rd period - Shot by Antoine Vermette.
4:35 of 3rd period - Stopped by Roberto Luongo without a rebound.
4:36 of 3rd period - Alexandre Burrows wins face-off versus Jussi Jokinen in RedWings zone.
4:46 of 3rd period - Jussi Jokinen is hit by Sean Bergenheim and loses puck.
4:57 of 3rd period - Shot by Mike Fisher.
4:57 of 3rd period - Stopped by Roberto Luongo without a rebound.
4:58 of 3rd period - Mike Fisher wins face-off versus Andrew Cogliano in RedWings zone.
5:11 of 3rd period - Shot by Bryan Little.
5:11 of 3rd period - Deflect By Mike Fisher.
5:11 of 3rd period - Stopped by Roberto Luongo without a rebound.
5:12 of 3rd period - Ville Leino wins face-off versus Alex Tanguay in RedWings zone.
5:16 of 3rd period - Minor Penalty to Antoine Vermette for Hooking.
5:17 of 3rd period - Sam Gagner wins face-off versus Jussi Jokinen in Blues zone.
5:17 of 3rd period - Sam Gagner is hit by Carl Gunnarsson.
5:23 of 3rd period - Shot by Sam Gagner.
5:23 of 3rd period - Stopped by Sergei Bobrovsky with a rebound.
5:35 of 3rd period - Shot by Mike Fisher.
5:35 of 3rd period - Stopped by Roberto Luongo without a rebound.
5:36 of 3rd period - Mike Ribeiro wins face-off versus Alexandre Burrows in RedWings zone.
5:39 of 3rd period - Shot by Mike Ribeiro.
5:39 of 3rd period - Stopped by Roberto Luongo without a rebound.
5:40 of 3rd period - Sam Gagner wins face-off versus Jussi Jokinen in RedWings zone.
6:05 of 3rd period - Shot by Jake Gardiner.
6:05 of 3rd period - Stopped by Sergei Bobrovsky without a rebound.
6:06 of 3rd period - Jussi Jokinen wins face-off versus Alexandre Burrows in Blues zone.
7:00 of 3rd period - Minor Penalty to Ondrej Palat for Tripping.
7:01 of 3rd period - Sam Gagner wins face-off versus Michael Frolik in RedWings zone.
7:28 of 3rd period - Shot by Andrew Cogliano.
7:28 of 3rd period - Shot Misses the Net.
7:38 of 3rd period - Shot by Bryan Little.
7:38 of 3rd period - Shot Blocked by Eric Gryba.
8:10 of 3rd period - Jake Gardiner is hit by Bryan Little and loses puck.
8:43 of 3rd period - Shot by Dan Hamhuis.
8:43 of 3rd period - Stopped by Roberto Luongo without a rebound.
8:44 of 3rd period - Mike Fisher wins face-off versus Andrew Cogliano in RedWings zone.
8:44 of 3rd period - Mike Fisher is hit by Eric Gryba.
9:03 of 3rd period - Minor Penalty to Alexandre Burrows for Roughing.
9:04 of 3rd period - Antoine Vermette wins face-off versus Andrew Cogliano in RedWings zone.
9:05 of 3rd period - Shot by Dan Hamhuis.
9:05 of 3rd period - Shot Hit the Post.
9:07 of 3rd period - Shot by Dan Hamhuis.
9:07 of 3rd period - Stopped by Roberto Luongo without a rebound.
9:08 of 3rd period - Antoine Vermette wins face-off versus Andrew Cogliano in RedWings zone.
9:39 of 3rd period - Shot by Sam Gagner.
9:39 of 3rd period - Shot Misses the Net.
11:23 of 3rd period - Shot by Michael Frolik.
11:23 of 3rd period - Stopped by Roberto Luongo without a rebound.
11:24 of 3rd period - Ville Leino wins face-off versus Lee Stempniak in RedWings zone.
12:12 of 3rd period - Dan Hamhuis is hit by Eric Gryba and loses puck.
12:32 of 3rd period - Shot by Mark Arcobello.
12:32 of 3rd period - Stopped by Sergei Bobrovsky without a rebound.
12:33 of 3rd period - Sam Gagner wins face-off versus Antoine Vermette in Blues zone.
13:05 of 3rd period - Icing by Kevin Klein.
13:06 of 3rd period - Antoine Vermette wins face-off versus Ville Leino in Blues zone.
13:06 of 3rd period - Jussi Jokinen is hit by Ondrej Palat.
13:07 of 3rd period - Icing by Jussi Jokinen.
13:08 of 3rd period - Antoine Vermette wins face-off versus Ville Leino in Blues zone.
13:15 of 3rd period - Shot by Matt Irwin.
13:15 of 3rd period - Shot Hit the Post.
13:21 of 3rd period - Shot by Jussi Jokinen.
13:21 of 3rd period - Stopped by Roberto Luongo without a rebound.
13:22 of 3rd period - Mike Fisher wins face-off versus Sam Gagner in RedWings zone.
13:29 of 3rd period - Shot by Bryan Little.
13:29 of 3rd period - Shot Misses the Net.
13:31 of 3rd period - Shot by Mike Weaver.
13:31 of 3rd period - Shot Misses the Net.
13:33 of 3rd period - Shot by Carl Gunnarsson.
13:33 of 3rd period - Stopped by Roberto Luongo with a rebound.
13:58 of 3rd period - Shot by Bryan Little.
13:58 of 3rd period - Shot Misses the Net.
14:00 of 3rd period - Shot by Mike Weaver.
14:00 of 3rd period - Stopped by Roberto Luongo without a rebound.
14:01 of 3rd period - Ville Leino wins face-off versus Antoine Vermette in RedWings zone.
14:10 of 3rd period - Alex Tanguay is hit by Ondrej Palat and loses puck.
14:23 of 3rd period - Shot by Ondrej Palat.
14:23 of 3rd period - Stopped by Sergei Bobrovsky without a rebound.
14:24 of 3rd period - Mark Arcobello wins face-off versus Mike Ribeiro in Blues zone.
14:41 of 3rd period - Shot by Tyler Toffoli.
14:41 of 3rd period - Stopped by Sergei Bobrovsky without a rebound.
14:42 of 3rd period - Mike Fisher wins face-off versus Ville Leino in Blues zone.
14:42 of 3rd period - Jiri Hudler is hit by Ondrej Palat and loses puck.
15:17 of 3rd period - Icing by Jeff Petry.
15:18 of 3rd period - Mike Fisher wins face-off versus Sam Gagner in Blues zone.
15:32 of 3rd period - Jiri Hudler is hit by Chris Summers and loses puck.
15:35 of 3rd period - Shot by Bryan Little.
15:35 of 3rd period - Stopped by Roberto Luongo without a rebound.
15:36 of 3rd period - Antoine Vermette wins face-off versus Mark Arcobello in RedWings zone.
15:36 of 3rd period - Antoine Vermette is hit by Mark Fraser.
15:38 of 3rd period - Shot by Alex Tanguay.
15:38 of 3rd period - Shot Misses the Net.
15:40 of 3rd period - Shot by Antoine Vermette.
15:40 of 3rd period - Shot Blocked by Mark Fraser.
16:36 of 3rd period - Shot by Michael Frolik.
16:36 of 3rd period - Stopped by Roberto Luongo without a rebound.
16:37 of 3rd period - Mike Fisher wins face-off versus Ville Leino in RedWings zone.
16:37 of 3rd period - Mike Fisher is hit by Eric Brewer.
17:25 of 3rd period - Shot by Bryan Little.
17:25 of 3rd period - Stopped by Roberto Luongo without a rebound.
17:26 of 3rd period - Sam Gagner wins face-off versus Mike Ribeiro in RedWings zone.
17:33 of 3rd period - Shot by Andrew Cogliano.
17:33 of 3rd period - Shot Blocked by R.J. Umberger.
17:38 of 3rd period - Minor Penalty to Kevin Klein for Diving.
17:39 of 3rd period - Sean Bergenheim wins face-off versus Jussi Jokinen in Blues zone.
17:42 of 3rd period - Shot by Sean Bergenheim.
17:42 of 3rd period - Shot Misses the Net.
17:44 of 3rd period - Shot by Andrew Cogliano.
17:44 of 3rd period - Shot Misses the Net.
17:46 of 3rd period - Shot by Jake Gardiner.
17:46 of 3rd period - Shot Misses the Net.
17:50 of 3rd period - Shot by Chris Summers.
17:50 of 3rd period - Shot Misses the Net.
17:52 of 3rd period - Shot by Chris Summers.
17:52 of 3rd period - Stopped by Sergei Bobrovsky without a rebound.
17:53 of 3rd period - Mike Fisher wins face-off versus Loui Eriksson in Blues zone.
18:05 of 3rd period - Icing by Loui Eriksson.
18:06 of 3rd period - Jussi Jokinen wins face-off versus Loui Eriksson in RedWings zone.
18:07 of 3rd period - Shot by Mike Ribeiro.
18:07 of 3rd period - Stopped by Roberto Luongo without a rebound.
18:07 of 3rd period - Minor Penalty to Eric Gryba for Interference.
18:08 of 3rd period - Antoine Vermette wins face-off versus Ondrej Palat in RedWings zone.
18:09 of 3rd period - Shot by Jussi Jokinen.
18:09 of 3rd period - Shot Misses the Net.
18:44 of 3rd period - Tyler Toffoli is hit by Jeff Petry and loses puck.
18:45 of 3rd period - Tyler Toffoli from RedWings is injured at 18:45 of 3rd period (Sore Left Knee).
18:46 of 3rd period - Antoine Vermette wins face-off versus Ondrej Palat in Blues zone.
18:46 of 3rd period - Antoine Vermette is hit by Ondrej Palat.
18:54 of 3rd period - Shot by Jussi Jokinen.
18:54 of 3rd period - Stopped by Roberto Luongo without a rebound.
18:55 of 3rd period - Ondrej Palat wins face-off versus Antoine Vermette in RedWings zone.
19:16 of 3rd period - Shot by Andrew Cogliano.
19:16 of 3rd period - Shot Misses the Net.
19:38 of 3rd period - Shot by Jeff Petry.
19:38 of 3rd period - Stopped by Roberto Luongo without a rebound.
19:39 of 3rd period - Sam Gagner wins face-off versus Antoine Vermette in RedWings zone.
19:53 of 3rd period - Shot by Matt Irwin.
19:53 of 3rd period - Stopped by Roberto Luongo without a rebound.
19:54 of 3rd period - Mike Fisher wins face-off versus Ondrej Palat in RedWings zone.
19:55 of 3rd period - Shot by Dan Hamhuis.
19:55 of 3rd period - Stopped by Roberto Luongo without a rebound.
19:56 of 3rd period - Andrew Cogliano wins face-off versus Mike Fisher in RedWings zone.
Goals for this period are 0 for RedWings vs 1 for Blues.
Shots for this period are 12 for RedWings vs 22 for Blues.


Output by the SimonT Hockey Simulator (STHS) for Stephane Roy -- Original Page W3C XHTML 1.0 Valid
Hockey Simulator - Hockey Simulation - Hockey Manager